 Dungeon Crawl Stone Soup version 0.28-a0-447-g1f95980246 (webtiles) character file.

Game seed: 2513210265892116779

121520 wakim the Severer (level 16, -5/149 HPs)
             Began as a Hill Orc Fighter on Sept 12, 2021.
             Was the Champion of Beogh.
             Slain by a stone giant (11 damage)
             ... on level 2 of the Depths.
             The game lasted 01:54:50 (33286 turns).

wakim the Severer (Hill Orc Fighter)               Turns: 33286, Time: 01:54:51

Health: -5/149     AC: 22    Str: 32    XL:     16   Next: 85%
Magic:  15/18      EV: 16    Int:  5    God:    Beogh [******]
Gold:   1033       SH: 11    Dex: 12    Spells: 15/15 levels left

rFire   + + +      SeeInvis +   a - +6 broad axe "Qunuef" {vorpal, rF+ Str-3 SInv}
rCold   + . .      Faith    .   q - +0 buckler
rNeg    . . .      Spirit   .   b - +3 fire dragon scales "Opapluol" {Rampage +Inv rF++ rC- Str+3 Int-3}
rPois   .          Reflect  +   O - +0 helmet {SInv}
rElec   +          Harm     .   D - scarf {repulsion}
rCorr   +          Rampage  +   j - +0 pair of gloves {Str+3}
Will    +....                   Q - +1 pair of boots {Fly}
Stlth   ..........              M - amulet "Xeocro" {Reflect Fly rC+ MP-9 Dex+2 SH+5}
HPRegen 0.34/turn               k - ring of the Doge {rElec rCorr EV+4 Str+3}
MPRegen 0.16/turn               f - ring of protection from cold

@: flying, studying Shields, repel missiles
A: walk on water
a: Renounce Religion, Evoke Invisibility, Smiting, Recall Orcish Followers, Give
Item to Named Follower, Resurrection


You were on level 2 of the Depths.
You worshipped Beogh.
Beogh was exalted by your worship.
You visited 5 branches of the dungeon, and saw 26 of its levels.
You also visited: Ossuary and Gauntlet.

You collected 2902 gold pieces.
You spent 1869 gold pieces at shops.

Inventory:

Hand Weapons
 a - the +6 broad axe "Qunuef" (weapon) {vorpal, rF+ Str-3 SInv}
   (You acquired it on level 11 of the Dungeon)

   It inflicts extra damage upon your enemies.
   Str:       It affects your strength (-3).
   rF:        It protects you from fire.
   SInv:      It lets you see invisible.
 c - a +1 hand axe of flaming
 d - the +3 Elemental Staff {rElec rF++ rC++ Will++ AC+5}
   (You acquired it on level 11 of the Dungeon)

   If the wielder is skilled in Evocations, they can discharge powerful blasts
   of elemental energy when striking with it.
   It enhances your fire, ice, earth and air magic.
   AC:        It affects your AC (+5).
   rF:        It greatly protects you from fire.
   rC:        It greatly protects you from cold.
   rElec:     It insulates you from electricity.
   Will:      It greatly increases your willpower.
 m - the +6 lajatang of Rynicol {vorpal, +Blink rN++ Int+4}
   (You found it on level 2 of the Orcish Mines)

   It inflicts extra damage upon your enemies.
   Int:       It affects your intelligence (+4).
   rN:        It greatly protects you from negative energy.
   +Blink:    It lets you blink.
 p - the +3 sling "Punk" {acid, rCorr}
   (You found it on level 1 of the Orcish Mines)

   Any ammunition fired from it is coated in acid, damaging and corroding those
   it strikes.
   rCorr:     It protects you from acid and corrosion.
Missiles
 i - 15 silver javelins
 n - 2 throwing nets {=f!f}
 s - 21 javelins (quivered)
 t - 6 curare-tipped darts {=f}
Armour
 b - the +3 fire dragon scales "Opapluol" (worn) {Rampage +Inv rF++ rC- Str+3 Int-3}
   (You found it in a Gauntlet)

   Str:       It affects your strength (+3).
   Int:       It affects your intelligence (-3).
   rF:        It greatly protects you from fire.
   rC:        It makes you vulnerable to cold.
   +Inv:      It lets you turn invisible.
   Rampage:   It bestows one free step when moving towards enemies.
 j - a +0 pair of gloves of strength (worn)
 q - a +0 buckler (worn)
 D - a scarf of repulsion (worn)
 O - a +0 helmet of see invisible (worn)
 Q - a +1 pair of boots of flying (worn)
Jewellery
 e - a ring of protection from fire
 f - a ring of protection from cold (right hand)
 g - the ring "Sunan" {Fly rPois rF- Dex-2 SInv}
   (You found it on level 7 of the Dungeon)

   [ring of see invisible]

   Dex:       It affects your dexterity (-2).
   rF:        It makes you vulnerable to fire.
   rPois:     It protects you from poison.
   SInv:      It lets you see invisible.
   Fly:       It grants you flight.
 k - the ring of the Doge (left hand) {rElec rCorr EV+4 Str+3}
   (You found it on level 2 of the Orcish Mines)

   [ring of evasion]

   EV:        It affects your evasion (+4).
   Str:       It affects your strength (+3).
   rElec:     It insulates you from electricity.
   rCorr:     It protects you from acid and corrosion.
 l - a +4 ring of protection
 o - a +4 ring of slaying
 M - the amulet "Xeocro" (around neck) {Reflect Fly rC+ MP-9 Dex+2 SH+5}
   (You bought it in a shop on level 1 of the Depths)

   [amulet of reflection]

   It reflects blocked missile attacks.
   Dex:       It affects your dexterity (+2).
   rC:        It protects you from cold.
   MP:        It affects your magic capacity (-9).
   Fly:       It grants you flight.
   SH:        It affects your SH (+5).
 P - the ring "Raoroqun" {Fly rElec}
   (You bought it in a shop on level 2 of the Orcish Mines)

   [ring of flight]

   rElec:     It insulates you from electricity.
   Fly:       It grants you flight.
 V - the ring of Red Wine {Ice Str+5}
   (You found it in a Gauntlet)

   [ring of ice]

   It enhances your ice magic.
   Str:       It affects your strength (+5).
   rF:        It makes you vulnerable to fire.
   rC:        It protects you from cold.
Wands
 u - a wand of mindburst (22)
 v - a wand of flame (31)
 w - a wand of acid (14)
 x - a wand of iceblast (31)
 y - a wand of paralysis (9)
Scrolls
 h - a scroll of brand weapon
 r - 3 scrolls of identify
 C - 7 scrolls of enchant armour
 R - 2 scrolls of magic mapping {!r}
 S - a scroll of summoning
 T - 9 scrolls of teleportation
 U - a scroll of fear
 X - 2 scrolls of fog
 Y - 5 scrolls of blinking {!r}
 Z - 2 scrolls of silence {!r}
Potions
 A - 6 potions of ambrosia
 B - 7 potions of attraction {!q}
 E - 3 potions of cancellation
 F - 7 potions of curing
 G - 4 potions of flight
 H - 9 potions of haste
 I - 7 potions of invisibility
 J - 4 potions of heal wounds
 K - 6 potions of magic
 L - 4 potions of lignification {!q}
 N - 2 potions of might
Miscellaneous
 z - a box of beasts


   Skills:
 + Level 15.5 Fighting
 - Level 18.0 Axes
 - Level 6.0 Throwing
 + Level 15.0 Armour
 - Level 6.0 Dodging
 - Level 10.0 Shields
 - Level 15.0 Invocations
 - Level 6.0 Evocations


You had 15 spell levels left.
You didn't know any spells.
Your spell library contained the following spells:

 Spells                   Type           Power      Damage    Failure   Level
 Foxfire                  Conj/Fire      0%         2x1d4     67%         1
 Pain                     Necr           0%         1d4       67%         1
 Shock                    Conj/Air       0%         1d3       67%         1
 Corpse Rot               Necr/Air       N/A        N/A       82%         2
 Static Discharge         Conj/Air       0%         N/A       82%         2
 Call Canine Familiar     Summ           0%         N/A       96%         3
 Conjure Flame            Conj/Fire      0%         6-21      96%         3
 Frozen Ramparts          Ice            0%         1d2       96%         3
 Gell's Gravitas          Tloc           0%         N/A       96%         3
 Inner Flame              Hex/Fire       0%         N/A       96%         3
 Lesser Beckoning         Tloc           0%         N/A       96%         3
 Portal Projectile        Hex/Tloc       0%         N/A       96%         3
 Spider Form              Tmut/Pois      0%         N/A       96%         3
 Swiftness                Air            0%         N/A       96%         3
 Teleport Other           Tloc           0%         N/A       96%         3
 Airstrike                Air            0%         N/A       100%        4
 Animate Dead             Necr           0%         N/A       100%        4
 Dispel Undead            Necr           0%         3d6       100%        4
 Flame Wave               Conj/Fire      0%         3d3       100%        4
 Ice Form                 Ice/Tmut       0%         N/A       100%        4
 Iskenderun's Mystic Bla  Conj/Tloc      0%         2d3       100%        4
 Leda's Liquefaction      Hex/Erth       0%         N/A       100%        4
 Petrify                  Tmut/Erth      0%         N/A       100%        4
 Sticky Flame             Conj/Fire      0%         2d3       100%        4
 Summon Ice Beast         Ice/Summ       0%         N/A       100%        4
 Agony                    Necr           0%         N/A       100%        5
 Excruciating Wounds      Necr           0%         N/A       100%        5
 Fireball                 Conj/Fire      0%         3d3       100%        5
 Metabolic Englaciation   Hex/Ice        0%         N/A       100%        5
 Death Channel            Necr           0%         N/A       100%        6
 Simulacrum               Ice/Necr       0%         N/A       100%        6
 Statue Form              Tmut/Erth      0%         N/A       100%        6
 Haunt                    Necr/Summ      0%         N/A       100%        7
 Infestation              Necr           0%         N/A       100%        8
 Lehudib's Crystal Spear  Conj/Erth      0%         10d2      100%        8


Dungeon Overview and Level Annotations

Branches:
Dungeon (15/15)            Temple (1/1) D:5            Lair (6/6) D:10
 Shoals (0/4) Lair:4        Snake (0/4) Lair:4        Slime (0/5) Lair:6
    Orc (2/2) D:11            Elf (0/3) Orc:2        Vaults (0/5) D:14
 Depths (2/5) D:15        Ossuary (visited)         Gauntlet (visited)

Altars:
Ashenzari
Dithmenos
Fedhas
Gozag
Kikubaaqudgha
Nemelex Xobeh
Qazlal
Trog
Wu Jian
Beogh
Jiyva

Shops:
D:5 *   D:9 *   Orc:2 *(=[   Depths:1 (:*[!:==

Portals:
Hell: Depths:1
Pandemonium: Depths:1


Message History

The iron troll is moderately wounded.
Marbork hits the iron troll with a +0 vorpal glaive!!
The stone giant hits Wargath!
Wargath hits the stone giant with a +0 dire flail.
Bogdan hits the iron troll with a +0 war axe.
Bogdan hits the deep troll with a +0 war axe!
Bogdan hits the floating eye with a +0 war axe!!
The floating eye dies!
Beogh accepts your kill.
You hit the iron troll but do no damage.
The iron troll is severely wounded.
The iron troll bites you!!
* * * LOW HITPOINT WARNING * * *
You block the iron troll's attack. x2
Your orc knight hits the deep troll from afar with a +0 halberd!
Marbork barely misses the iron troll.
You feel much better.
Bogdan hits the iron troll with a +0 war axe.
Bogdan barely misses the stone giant.
Wargath hits the stone giant with a +0 dire flail!!
The iron troll bites you!!
* * * LOW HITPOINT WARNING * * *
You block the iron troll's attack. x2; You block the deep troll's attack.
The deep troll claws you but does no damage.
The deep troll claws you!
* * * LOW HITPOINT WARNING * * *
Your orc knight hits the deep troll from afar with a +0 halberd!!!
The deep troll dies!
Beogh accepts your kill.
Marbork roars a battlecry!
Wargath goes into a battle-frenzy!
Aiming: Smiting
Press: ? - help, Dir - move target, f - iron troll Smite: an iron troll (severely wounded, fast, ally target)
You smite the iron troll!
You kill the iron troll!
Beogh accepts your kill.
Wargath hits the stone giant with a +0 dire flail!
The stone giant hits you!
You die...

...............
...............
................
.................
.................
#.............$...
#......o.<.....$..
#.......Co.......$
#......o@o........
#.........).......
#.......!.........
#......).........#
#.....).........##
#............/..#
#...............#.
#...............#.
#...............#


You could see a stone giant (ally target), a friendly orc knight (strong), the
friendly Bogdan the orc knight (strong), the friendly Marbork the orc knight
(strong) and the friendly Wargath the orc knight (strong).

Vanquished Creatures
  Kirke (Lair:6)
  A stone giant (Orc:1)
  A very ugly thing (Depths:1)
  A minotaur (Gauntlet)
  A lorocyproca (Depths:1)
  A fire dragon (Depths:1)
  Harold (D:7)
  2 hydras
  A catoblepas (Lair:6)
  10 two-headed ogres
  An ogre mage (D:15)
  4 centaur warriors
  A tengu warrior (D:15)
  An orc high priest (Orc:1)
  A thrashing horror (Gauntlet)
  An iron troll (Depths:2)
  A soul eater (Depths:1)
  A glowing orange brain (Depths:2)
  A wolf spider zombie (D:12)
  2 deep elf pyromancers
  2 orc sorcerers
  An orc knight (Orc:2)
  Pikel (D:4)
  5 ugly things
  An oklob plant (Lair:5)
  9 cyclopes (Orc:1)
  A worldbinder (Gauntlet)
  5 manticores
  A spectral centaur (D:12)
  A guardian serpent (shapeshifter) (D:9)
  2 elephants (Lair:6)
  2 rust devils
  A gargoyle (D:11)
  A cane toad (Lair:3)
  A rime drake (Lair:6)
  A tengu conjurer (Depths:2)
  4 komodo dragons
  2 minotaur zombies (Gauntlet)
  A kobold demonologist (D:9)
  3 meliai
  A polar bear (shapeshifter) (D:15)
  3 trolls (Orc:2)
  A wind drake (Lair:4)
  2 blink frogs (Lair:6)
  12 slime creatures
  A ynoxinul (Gauntlet)
  2 wraiths
  2 shadows
  13 yaks
  A water elemental (Depths:1)
  2 vampires (D:10)
  3 basilisks
  2 steam dragons (D:8)
  5 vampire mosquitoes
  4 wargs
  3 acid dragons
  2 hell hounds (Lair:6)
  2 water moccasins (D:8)
  5 orc warriors
  2 black bears
  An ice beast (D:8)
  8 ogres
  8 wolves
  10 centaurs
  2 lemures (D:4)
  3 boggarts (Gauntlet)
  3 kobold brigands
  2 gnoll sergeants
  9 bullfrogs
  A wyvern zombie (D:8)
  A scorpion (D:7)
  A water moccasin zombie (D:7)
  20 killer bees
  11 wights
  3 howler monkeys
  2 jellies
  3 centaur zombies
  2 gnoll shamans
  3 human zombies (Ossuary)
  2 centaur skeletons
  4 orc priests
  A hound (D:6)
  3 iron imps (Gauntlet)
  3 small abominations (Gauntlet)
  A bullfrog skeleton (D:6)
  5 iguanas
  Ijyb (D:3)
  12 orc wizards
  3 centaur simulacra
  A hound zombie (D:5)
  4 mummies (Ossuary)
  2 howler monkey zombies (D:8)
  4 gnolls
  9 adders
  A shadow imp (D:8)
  A white imp (D:7)
  An ufetubus (D:7)
  2 dart slugs
  35 orcs
  5 ball pythons
  7 endoplasms
  3 giant cockroaches
  6 goblins
  5 hobgoblins
  5 quokkas
  4 bats
  4 frilled lizards
  2 gnoll zombies (Ossuary)
  9 kobolds
  A kobold zombie (Ossuary)
  2 orc zombies (Ossuary)
  3 rats
391 creatures vanquished.

Vanquished Creatures (collateral kills)
  A lich (Depths:2)
  2 sphinxes (Depths:1)
  An orc warlord (Orc:2)
  A frost giant (Depths:2)
  The ghost of Muixitaz the Fighter, an adept VSBr of Uskayaw (D:14)
  2 stone giants (Depths:2)
  An ironbound preserver (D:14)
  6 very ugly things (Depths:1)
  The ghost of Soel the Bludgeoner, a journeyman MiFi of Okawaru (Orc:2)
  A dire elephant (Lair:6)
  The ghost of Zurghyom the Fighter, a journeyman DsDe of Nemelex Xobeh (D:12)
  4 ettins
  A merfolk javelineer (Depths:1)
  3 fire dragons (Depths:1)
  9 hydras
  A yaktaur captain (D:15)
  An ice dragon (Depths:1)
  4 great orbs of eyes
  3 rakshasas
  A monstrous demonspawn (Depths:1)
  An ogre mage (D:15)
  3 boulder beetles
  6 centaur warriors
  12 two-headed ogres
  A tengu warrior (Depths:2)
  A deep troll shaman (Depths:2)
  Urug (Orc:1)
  4 orc high priests (Orc:2)
  Sonja (Lair:2)
  The ghost of NigelTetley the Fighter, a novice MiFi of Cheibriados (D:8)
  4 deep trolls (Depths:2)
  The ghost of bmj180 the Chiller, a novice MfIE (D:7)
  4 orc knights (Orc:2)
  An orc sorcerer (Orc:2)
  16 ugly things
  8 manticores
  A salamander (shapeshifter) (D:14)
  9 cyclopes
  A torpor snail (Lair:4)
  17 elephants
  6 black mambas
  2 rust devils (Depths:1)
  2 gargoyles
  6 cane toads
  An orange demon (Depths:1)
  2 komodo dragons
  2 rime drakes
  A tengu conjurer (D:14)
  A freezing wraith (D:14)
  A hellwing (Depths:1)
  12 polar bears
  4 trolls
  7 slime creatures
  A hornet (shapeshifter) (D:13)
  A meliai (D:12)
  A tyrant leech (shapeshifter) (D:15)
  2 blink frogs (Lair:6)
  2 raiju (Lair:6)
  A raiju (shapeshifter) (D:15)
  A spectral meliai (D:12)
  A centaur simulacrum (D:12)
  A ynoxinul (Depths:1)
  4 wraiths
  3 wyverns
  3 hogs (Lair:6)
  A vampire (D:14)
  A yak (shapeshifter) (D:14)
  31 yaks
  3 basilisks
  A neqoxec (Depths:1)
  6 vampire mosquitoes
  A chaos spawn (Depths:1)
  6 wargs
  10 water moccasins
  13 hell hounds (Lair:6)
  A floating eye (Depths:2)
  10 orc warriors
  7 ogres
  28 wolves
  10 black bears (Lair:6)
  4 centaurs
  8 bullfrogs
  A gnoll sergeant (D:13)
  A wight (D:9)
  3 howler monkeys
  2 centaur zombies
  2 hounds (Lair:1)
  2 orc priests
  3 orc wizards
  2 howler monkey zombies (D:9)
  4 gnolls
  8 orcs
375 creatures vanquished.

Vanquished Creatures (others)
  Jorgrun (Orc:1)
  2 orc knights
  8 orc priests
  17 orc warriors
  8 orc wizards
  29 orcs
  A demonic plant (Gauntlet)
  59 fungi
  55 plants
180 creatures vanquished.

Grand Total: 946 creatures vanquished

Notes
Turn   | Place    | Note
-------+----------+-------------------------------------------
     0 | D:1      | wakim the Hill Orc Fighter began the quest for the Orb.
     0 | D:1      | Reached XP level 1. HP: 19/19 MP: 1/1
    67 | D:1      | Reached skill level 3 in Axes
   366 | D:1      | Reached XP level 2. HP: 24/27 MP: 2/2
   448 | D:1      | You fall into a shaft and drop 1 floor!
   596 | D:2      | Reached XP level 3. HP: 28/33 MP: 3/3
   650 | D:2      | Found an ornate altar of the Wu Jian Council.
   796 | D:2      | Reached skill level 4 in Axes
  1083 | D:2      | Reached XP level 4. HP: 37/40 MP: 4/4
  1853 | D:3      | Found a faded altar of an unknown god.
  2157 | D:3      | Noticed Ijyb
  2481 | D:3      | Reached skill level 5 in Axes
  2481 | D:3      | Reached XP level 5. HP: 12/47 MP: 5/5
  2948 | D:4      | Noticed an ogre
  2965 | D:3      | Killed an ogre
  2966 | D:3      | Reached skill level 5 in Fighting
  2966 | D:3      | Reached skill level 6 in Axes
  3052 | D:3      | Reached XP level 6. HP: 38/56 MP: 6/6
  3468 | D:4      | Reached skill level 7 in Axes
  3600 | D:4      | Got the Guide on Hurtful Transformation
  3727 | D:5      | Entered Level 5 of the Dungeon
  3727 | D:5      | Noticed Pikel
  3756 | D:4      | Killed Pikel
  3757 | D:4      | Reached skill level 9 in Axes
  3757 | D:4      | Reached XP level 7. HP: 27/63 MP: 7/7
  4150 | D:5      | Found a bloodstained altar of Trog.
  4182 | D:5      | Found Dyudag Roba's Elemental Accessories.
  4271 | D:5      | Found a staircase to the Ecumenical Temple.
  4277 | Temple   | Entered the Ecumenical Temple
  4584 | D:5      | Became a worshipper of Beogh the Brigand
  5107 | D:6      | Found a sand-covered staircase.
  5115 | D:6      | Reached skill level 1 in Dodging
  5115 | D:6      | Reached XP level 8. HP: 52/70 MP: 8/8
  5120 | D:6      | Reached skill level 10 in Axes
  5145 | Ossuary  | Entered an ossuary
  5562 | D:7      | Found a runed translucent door.
  5724 | D:7      | Reached skill level 11 in Axes
  5728 | D:7      | Reached * piety under Beogh
  6077 | D:3      | Killed Ijyb
  6253 | D:6      | Reached skill level 5 in Armour
  6423 | D:6      | Found a shadowy altar of Dithmenos.
  6432 | D:6      | Found an ancient bone altar of Kikubaaqudgha.
  6586 | D:6      | Noticed a two-headed ogre
  6646 | D:5      | Killed a two-headed ogre
  6647 | D:5      | Reached skill level 12 in Axes
  6647 | D:5      | Reached XP level 9. HP: 32/75 MP: 9/9
  7977 | D:7      | Noticed bmj180's ghost (novice MfIE)
  8565 | D:8      | Noticed a centaur warrior
  8575 | D:8      | Killed a centaur warrior
  8576 | D:8      | Reached skill level 13 in Axes
  8576 | D:8      | Reached XP level 10. HP: 82/86 MP: 10/10
  8588 | D:8      | Reached ** piety under Beogh
  8596 | D:8      | Reached skill level 14 in Axes
  9160 | D:8      | Found a stormy altar of Qazlal.
  9179 | D:8      | Found a runed translucent gate.
  9179 | D:8      | Found a runed translucent gate.
  9181 | D:8      | Found a runed translucent gate.
  9184 | D:8      | Noticed NigelTetley's ghost (novice MiFi)
  9222 | D:8      | Found a sparkling altar of Nemelex Xobeh.
  9244 | D:8      | Reached skill level 1 in Invocations
  9244 | D:8      | Found a blossoming altar of Fedhas.
  9427 | D:8      | Noticed Harold
  9588 | D:7      | Killed Harold
  9589 | D:7      | Reached skill level 1 in Evocations
  9766 | D:8      | Noticed a two-headed ogre
  9779 | D:8      | Killed a two-headed ogre
  9780 | D:8      | Reached skill level 15 in Axes
 10008 | D:8      | Reached skill level 5 in Invocations
 10008 | D:8      | Reached XP level 11. HP: 86/95 MP: 14/14
 10055 | D:8      | Reached *** piety under Beogh
 10542 | D:8      | Reached skill level 1 in Throwing
 11797 | D:9      | Gained Morguth as an ally
 11804 | D:9      | Your ally Morguth died
 12280 | D:9      | Noticed a manticore
 12303 | D:9      | Killed a manticore
 12312 | D:9      | Noticed a two-headed ogre
 12320 | D:9      | Killed a two-headed ogre
 12599 | D:9      | Noticed a two-headed ogre
 12608 | D:9      | Killed a two-headed ogre
 12679 | D:9      | Found a runed translucent door.
 12679 | D:9      | Found a runed translucent door.
 12679 | D:9      | Noticed a two-headed ogre
 12679 | D:9      | Noticed a two-headed ogre
 12681 | D:9      | Found a runed translucent door.
 12681 | D:9      | Noticed a two-headed ogre
 12811 | D:9      | Found Gerohuat's General Store.
 12819 | D:9      | Bought the +0 pair of boots of Intense Wonder {Regen+} for
                  | 184 gold pieces
 13282 | D:10     | Entered Level 10 of the Dungeon
 13669 | D:10     | Reached skill level 16 in Axes
 13845 | D:10     | Found a staircase to the Lair.
 14378 | D:7      | Killed bmj180's ghost
 14401 | D:7      | Identified the ring "Sunan" {Fly rPois rF- Dex-2 SInv}
 14821 | Lair:1   | Entered Level 1 of the Lair of Beasts
 14945 | Lair:1   | Reached skill level 10 in Fighting
 14976 | Lair:1   | Noticed a four-headed hydra
 14988 | Lair:1   | Killed a one-headed hydra
 14989 | Lair:1   | Reached skill level 5 in Evocations
 14989 | Lair:1   | Reached XP level 12. HP: 86/106 MP: 18/18
 14999 | Lair:1   | Reached **** piety under Beogh
 15334 | Lair:1   | Gained Orbeogh as an ally
 16006 | Lair:2   | Reached skill level 5 in Throwing
 16236 | Lair:2   | Noticed Sonja
 16247 | Lair:2   | Killed Sonja
 16308 | Lair:2   | Noticed a six-headed hydra
 16316 | Lair:2   | Killed a three-headed hydra
 16650 | Lair:3   | Gained Brunolf as an ally
 16886 | Lair:3   | Reached ***** piety under Beogh
 17709 | Lair:4   | Noticed a four-headed hydra
 17715 | Lair:4   | Killed a two-headed hydra
 17744 | Lair:4   | Found a staircase to the Shoals.
 17923 | Lair:4   | Found a staircase to the Snake Pit.
 17965 | Lair:4   | Noticed a six-headed hydra
 17976 | Lair:4   | Killed a five-headed hydra
 17977 | Lair:4   | Reached XP level 13. HP: 109/118 MP: 19/19
 18304 | Lair:5   | Reached skill level 5 in Shields
 19283 | Lair:5   | Reached skill level 10 in Invocations
 19451 | Lair:6   | Entered Level 6 of the Lair of Beasts
 19822 | Lair:6   | Noticed Kirke
 19828 | Lair:6   | Killed Kirke
 19883 | Lair:6   | Found a viscous altar of Jiyva.
 19883 | Lair:6   | Found a staircase to the Slime Pits.
 20048 | Lair:6   | Reached skill level 5 in Dodging
 20218 | Lair:6   | Noticed a dire elephant
 20225 | Lair:6   | Killed a dire elephant
 20297 | Lair:6   | Reached XP level 14. HP: 114/126 MP: 23/23
 20298 | Lair:6   | Identified the ring of Generosity {Ice Fly Str-5 Int+2
                  | Dex+3}
 20701 | D:11     | Reached skill level 10 in Armour
 20750 | D:11     | Identified 3 scrolls of acquirement
 20753 | D:11     | Acquired the +3 Elemental Staff {rElec rF++ rC++ Will++
                  | AC+5}
 20753 | D:11     | Found the +3 Elemental Staff {rElec rF++ rC++ Will++ AC+5}
 20756 | D:11     | Acquired a manual of Shields
 20759 | D:11     | Acquired the +6 broad axe "Qunuef" {vorpal, rF+ Str-3 SInv}
 20896 | D:11     | Found a staircase to the Orcish Mines.
 20900 | D:11     | Reached ****** piety under Beogh
 22744 | D:12     | Gained Arbolt as an ally
 23175 | D:12     | Found a runed translucent gate.
 23176 | D:12     | Found a runed translucent gate.
 23177 | D:12     | Found a runed translucent gate.
 23179 | D:12     | Noticed Zurghyom's ghost (journeyman DsDe)
 23349 | D:8      | Killed NigelTetley's ghost
 23713 | D:9      | Identified the amulet of Noill {RegenMP Will+ Int+2 Stlth+}
 23760 | D:9      | Got the Volume of the Twisted Frostbite
 24302 | D:12     | Identified the +1 leather armour "Fessesur" {Str+3}
 24460 | D:12     | Reached skill level 17 in Axes
 24462 | D:12     | Killed Zurghyom's ghost
 24840 | D:13     | Found a gate leading to a gauntlet.
 24859 | Gauntlet | Entered a Gauntlet
 24859 | Gauntlet | Found a transporter.
 24859 | Gauntlet | Found a transporter.
 24868 | Gauntlet | Found a transporter.
 24871 | Gauntlet | Found a transporter.
 24884 | Gauntlet | Found a transporter.
 24903 | Gauntlet | Found a transporter.
 24905 | Gauntlet | Found a transporter.
 24905 | Gauntlet | Found a transporter.
 24920 | Gauntlet | Found a transporter.
 24934 | Gauntlet | Found a runed translucent door.
 24935 | Gauntlet | Found a transporter.
 24936 | Gauntlet | Found a runed translucent door.
 24937 | Gauntlet | Found the +2 cloak of the Thief {*Fog Slay-2 SInv Stlth+}
 24944 | Gauntlet | Found a transporter.
 24948 | Gauntlet | Found a runed translucent door.
 24962 | Gauntlet | Found a transporter.
 24979 | Gauntlet | Found a transporter.
 24991 | Gauntlet | Found a transporter.
 25218 | Gauntlet | Identified the ring of Red Wine {Ice Str+5}
 25248 | Gauntlet | Identified the +9 giant spiked club "Zebriugg" {protect,
                  | rN+ Int-4 Dex+4}
 25354 | Gauntlet | HP: 6/126 [minotaur (15)]
 25454 | Gauntlet | Identified the +3 fire dragon scales "Opapluol" {Rampage
                  | +Inv rF++ rC- Str+3 Int-3}
 25546 | D:13     | Reached skill level 10 in Shields
 25935 | D:14     | Found a runed translucent door.
 25970 | D:14     | Reached XP level 15. HP: 101/132 MP: 24/24
 25983 | D:14     | Reached skill level 18 in Axes
 26891 | D:14     | Noticed Muixitaz's ghost (adept VSBr)
 26904 | D:14     | Killed Muixitaz's ghost
 27008 | D:14     | Found a gate to the Vaults.
 27119 | D:15     | Entered Level 15 of the Dungeon
 27929 | D:15     | Found a staircase to the Depths.
 28191 | Orc:1    | Entered Level 1 of the Orcish Mines
 28375 | Orc:1    | Noticed Urug
 28381 | Orc:1    | Killed Urug
 28953 | Orc:1    | Reached XP level 16. HP: 145/145 MP: 26/26
 29019 | Orc:1    | Found the +3 sling "Punk" {acid, rCorr}
 29023 | Orc:1    | Identified the +9 dagger of the Smoking Firefly {pain,
                  | Str+4}
 29025 | Orc:1    | Identified the +7 dagger "Dragon's Tongue" {vorpal, rPois
                  | Will+}
 29132 | Orc:2    | Entered Level 2 of the Orcish Mines
 29174 | Orc:2    | Found a runed translucent gate.
 29185 | Orc:2    | Found Gahuz's Jewellery Shop.
 29193 | Orc:2    | Gained Nordag as an ally
 29245 | Orc:2    | Bought the ring "Raoroqun" {Fly rElec} for 409 gold pieces
 29258 | Orc:2    | Noticed Soel's ghost (journeyman MiFi)
 29259 | Orc:2    | Identified the ring of the Doge {rElec rCorr EV+4 Str+3}
 29259 | Orc:2    | Identified the +6 lajatang of Rynicol {vorpal, +Blink rN++
                  | Int+4}
 29260 | Orc:2    | Found a runed translucent gate.
 29262 | Orc:2    | Found a runed translucent gate.
 29286 | Orc:2    | Found a roughly hewn altar of Beogh.
 29293 | Orc:2    | Gained Orkrul as an ally
 29314 | Orc:2    | Killed Soel's ghost
 29405 | Orc:2    | Identified the +0 pair of boots of Laagriec {rF++ Str+3
                  | Int-2}
 29752 | Orc:2    | Found Saossypp's General Store.
 29768 | Orc:2    | Bought a +0 helmet of see invisible for 149 gold pieces
 29768 | Orc:2    | Bought a scroll of blinking for 97 gold pieces
 29951 | Orc:2    | Found Xeklecugg's Antique Weapon Boutique.
 30050 | Orc:2    | Found Ruqucsa's Antique Armour Shop.
 30057 | Orc:2    | Found a staircase to the Elven Halls.
 30109 | Orc:2    | Bought a pair of runed gloves for 247 gold pieces
 30109 | Orc:2    | Bought a shiny chain mail for 247 gold pieces
 30500 | Orc:1    | Noticed Jorgrun
 30507 | Orc:1    | Killed Jorgrun
 31256 | Depths:1 | Entered Level 1 of the Depths
 31271 | Depths:1 | Found Zemus's Book Shop.
 31271 | Depths:1 | Found Xeacvi's Jewellery Emporium.
 31271 | Depths:1 | Noticed a sphinx
 31276 | Depths:1 | Found Irutaud's Jewellery Emporium.
 31278 | Depths:1 | Paralysed by a sphinx for 3 turns
 31282 | Depths:1 | Killed a sphinx
 31399 | Depths:1 | Bought the amulet "Xeocro" {Reflect Fly rC+ MP-9 Dex+2
                  | SH+5} for 376 gold pieces
 31588 | Depths:1 | Found a gateway to Hell.
 31676 | Depths:1 | Noticed a sphinx
 31684 | Depths:1 | Killed a sphinx
 31749 | Depths:1 | Reached skill level 15 in Invocations
 31924 | Depths:1 | Found a broken altar of Ashenzari.
 32344 | Depths:1 | Gained Wargath as an ally
 32349 | Depths:1 | Found Bobet's Distillery.
 32391 | Depths:1 | Bought 2 potions of heal wounds for 160 gold pieces
 32421 | Depths:1 | Found an opulent altar of Gozag.
 32492 | Depths:1 | Found Leqisar's Antique Armour Emporium.
 32570 | Depths:1 | Gained Boderik as an ally
 32574 | Depths:1 | Gained Bogdan as an ally
 32575 | Depths:1 | Reached skill level 15 in Fighting
 32604 | Depths:1 | Found a one-way gate leading to the halls of Pandemonium.
 32614 | Depths:1 | Gained Marbork as an ally
 32846 | Depths:1 | Found Anucy's Book Shoppe.
 32874 | Depths:1 | Found Peam's Antique Weapon Shop.
 32989 | Depths:1 | Found Ahyucs's General Store.
 33260 | Depths:2 | Noticed a lich
 33270 | Depths:2 | Killed a lich
 33278 | Depths:2 | Reached skill level 15 in Armour
 33278 | Depths:2 | Paralysed by a floating eye for 3 turns
 33281 | Depths:2 | Your ally Boderik died
 33285 | Depths:2 | HP: 6/149 [deep troll (10)]
 33286 | Depths:2 | Slain by a stone giant

Illustrated notes

Levels and vault maps discovered:
D:1:      mrwooster_arrival_statue, layout_basic, minmay_misc_feat_secret_circle
D:2:      layout_basic, basic_altar, chequers_serial_rivers_large_a
D:3:      minmay_general_purpose_star, layout_rooms,
          shapermc_ecumenical_altar_mp_ritualfount, uniq_ijyb
D:4:      layout_rooms
D:5:      layout_loops_corners, marbit_many_paths,
          minmay_temple_entry_metal_lava, grunt_decor_arrowhead,
          nicolae_elemental_shop, uniq_pikel
D:6:      layout_basic, mainiacjoe_overflow_tiny_flanked,
          nicolae_overflow_crystal_walls, nicolae_ossuary_entry_ruins
D:7:      layout_rooms, ebering_ghost_reflecting_pool, kennysheep_donut,
          kennysheep_generic_room_11
D:8:      minmay_imperfect_grid, layout_basic, mainiacjoe_overflow_alcove_2,
          jmf_multi_god_temple, gammafunk_ghost_spectres, uniq_harold
D:9:      minmay_the_grid_triangle_9x9_rhombus_full
          [minmay_the_grid_triangle_9x9_pentomino_pain,
          minmay_the_grid_triangle_9x9_windchime,
          minmay_the_grid_triangle_9x9_negative_grid,
          minmay_the_grid_triangle_9x9_impossible_snake,
          minmay_the_grid_triangle_9x9_warning,
          minmay_the_grid_triangle_9x9_fully_insulated_deathbox,
          minmay_the_grid_triangle_9x9_checkered,
          minmay_the_grid_triangle_9x9_prize_schism], layout_irregular_city,
          serial_shops, shop
D:10:     layout_roguey, dpeg_oklobed_lair, nicolae_two_hexagons
D:11:     layout_roguey, hiddenorc1_lemuel
D:12:     layout_irregular_city, gammafunk_ghost_necromancy
D:13:     layout_cave_pools, gauntlet_entry_generic
D:14:     layout_small_grid, skrybe_vaults_entry_preservation,
          hangedman_abyss_or_decor_lesser_grid, ebering_ghost_reflecting_pool,
          chequers_serial_rivers_room_b
D:15:     gammafunk_enter_depths_forms, layout_layer_cave
Temple:   regret_index_temple_sphere_string
Lair:1:   beast_lair_carwin_large_1, layout_regular_city, st_stairs_11,
          serial_bayou_pond_d, grunt_megastairs_2
Lair:2:   layout_chaotic_city, cheibrodos_lair_caveside_slide,
          serial_bayou_shore_b, serial_bayou_shore_b, uniq_sonja
Lair:3:   layout_hall_layers
Lair:4:   layout_cave_shapes, minmay_shoals_entry_beasts, dummy_snake_entry
Lair:5:   layout_cave_pods, serial_bayou_shore_b, infiniplex_staircase_pool,
          lemuel_fruit_tree
Lair:6:   hangedman_lair_caniforms_friends, layout_cave_pods, slime_altar_1,
          uniq_kirke
Orc:1:    giant_chief_lemuel, layout_diamond_mine, uniq_jorgrun, uniq_urug
Orc:2:    grunt_orc_gardens, layout_caves, grunt_orc_garden, grunt_orc_garden,
          grunt_orc_garden, grunt_orc_garden, biasface_ghost_orc_armoury
Depths:1: layout_cave_shapes, serial_shops, kennysheep_mini,
          nicolae_shop_crystal, shop, nicolae_inconvenience_store, shop,
          grunt_gozag_breadcrumbs, grunt_pan_entry_spiral, hell_entry,
          hangedman_decor_riveting, hangedman_decor_push,
          ashenzari_conservatory_becter, minmay_shop_grove,
          infiniplex_staircase_pool_lava
Depths:2: evilmike_library_of_no_secrets, layout_small_grid,
          minmay_staircase_bubble, hell_entry, marbit_kobold_abyss_entry,
          rand_demon_pan_entry_3, uniq_nikola

Skill      XL: |  1  2  3  4  5  6  7  8  9 10 11 12 13 14 15 16 |
---------------+-------------------------------------------------+-----
Axes           | 3 4 5 6 9 12 13 15 16 17 18 | 18.0
Fighting       | 4 5 6 7 8 10 12 13 15 | 15.5
Shields        | 4 6 10 | 10.0
Dodging        | 1 3 4 5 6 |  6.0
Armour         | 5 6 7 9 12 13 15 | 15.0
Invocations    | 5 8 9 12 14 15 | 15.0
Evocations     | 2 5 6 |  6.0
Throwing       | 3 6 |  6.0

Action                   |  1- 3 |  4- 6 |  7- 9 | 10-12 | 13-15 | 16-18 || total
-------------------------+-------+-------+-------+-------+-------+-------++-------
Melee: War axe           |    94 |   128 |   120 |    13 |   107 |       ||   462
       Hand axe          |       |    20 |   137 |   541 |    31 |       ||   729
       Broad axe         |       |       |       |       |   354 |   134 ||   488
Throw: Boomerang         |     1 |       |       |     6 |       |       ||     7
       Dart              |       |       |    31 |    11 |       |       ||    42
Invok: Convert to Beogh  |       |       |     1 |       |       |       ||     1
       Smiting           |       |       |       |     4 |     9 |     2 ||    15
       Recall Orcish Fol |       |       |       |     2 |    20 |     6 ||    28
       Give Item to Name |       |       |       |     2 |     1 |     1 ||     4
Evoke: Wand              |       |       |       |     9 |       |       ||     9
  Use: Scroll            |       |     5 |     9 |     4 |     9 |       ||    27
       Potion            |       |       |       |     2 |       |     2 ||     4
 Stab: Distracted        |       |       |       |     1 |     1 |     4 ||     6
Armor: Scale mail        |    38 |    86 |     2 |       |       |       ||   126
       Chain mail        |       |       |    94 |   245 |   262 |       ||   601
       Plate armour      |       |       |    26 |    37 |       |       ||    63
       Ring mail         |       |       |       |    42 |       |       ||    42
       Fire dragon scale |       |       |       |       |   105 |    81 ||   186
Dodge: Dodged            |    47 |    72 |    68 |   206 |   507 |    92 ||   992
       Repelled          |       |       |       |     1 |    10 |       ||    11
Block: Buckler           |    21 |    35 |    29 |   119 |   206 |    62 ||   472

Table legend: (Time is in decaauts)
 A = Elapsed time spent in this place.
 B = Non-inter-level travel time spent in this place.
 C = Inter-level travel time spent in this place.
 D = Time resting spent in this place.
 E = Time spent auto-exploring this place.
 F = Levels seen in this place.
 G = Mean time per level.
                   A        B        C        D        E       F      G
               +--------+--------+--------+--------+--------+-----+--------+
         Total |  32990 |  29643 |   3347 |   5095 |  18104 |  28 | 1178.2 |
       Dungeon |  21764 |  19097 |   2667 |   3377 |  11758 |  15 | 1450.9 |
        Temple |      1 |      1 |      0 |      0 |      0 |   1 |    1.0 |
          Lair |   5652 |   5129 |    523 |    433 |   3642 |   6 |  942.0 |
  Orcish Mines |   2570 |   2434 |    136 |    467 |   1441 |   2 | 1285.0 |
        Depths |   2006 |   1985 |     21 |    714 |    938 |   2 | 1003.0 |
       Ossuary |    375 |    375 |      0 |     16 |    188 |   1 |  375.0 |
      Gauntlet |    620 |    620 |      0 |     88 |    137 |   1 |  620.0 |
               +--------+--------+--------+--------+--------+-----+--------+

Top non-repeatable levels by time:
     D:9: 2776 daAuts
     D:8: 2701 daAuts
     D:7: 1978 daAuts
Depths:1: 1909 daAuts
    D:11: 1661 daAuts
     D:3: 1510 daAuts
     D:5: 1388 daAuts
    D:12: 1357 daAuts
     D:2: 1329 daAuts
    D:14: 1302 daAuts
    D:10: 1300 daAuts
   Orc:1: 1297 daAuts
   Orc:2: 1272 daAuts
    D:15: 1231 daAuts
  Lair:5: 1219 daAuts
